 Dungeon Crawl Stone Soup version 0.28.0-49-g6dfe1f597d (webtiles) character file.

Game seed: 13692424862172649765

2864 Peloso the Carver (level 9, -6/79 HPs)
             Began as a Minotaur Fighter on May 18, 2022.
             Was a Follower of Okawaru.
             Mangled by an orc warlord
             ... wielding a +0 war axe
              (33 damage)
             ... in a bailey.
             The game lasted 00:15:20 (8874 turns).

Peloso the Carver (Minotaur Fighter)                Turns: 8874, Time: 00:15:20

Health: -6/79      AC:  9    Str: 28    XL:     9   Next: 47%
Magic:  7/8        EV: 14    Int:  5    God:    Okawaru [*.....]
Gold:   314        SH:  7    Dex: 13    Spells: 8/8 levels left

rFire   + . .      SeeInvis .   a - +1 long sword
rCold   . . .      Faith    .   c - +0 buckler
rNeg    . . .      Spirit   .   b - +0 scale mail
rPois   .          Reflect  .   (helmet restricted)
rElec   .          Harm     .   (no cloak)
rCorr   .          Rampage  .   (no gloves)
Will    .....                   (no boots)
Stlth   ++........              h - amulet of the acrobat
HPRegen 0.23/turn               p - +6 ring of strength
MPRegen 0.11/turn               k - ring of protection from fire

@: mighty, heroic
A: horns 2, retaliatory headbutt
a: Renounce Religion, Heroism


You were in a bailey.
You worshipped Okawaru.
Okawaru was aware of your devotion.
You visited 2 branches of the dungeon, and saw 8 of its levels.
You also visited: Sewer and Bailey.

You collected 314 gold pieces.

Inventory:

Hand Weapons
 a - a +1 long sword (weapon)
Armour
 b - a +0 scale mail (worn)
 c - a +0 buckler (worn)
Jewellery
 h - an amulet of the acrobat (around neck)
 k - a ring of protection from fire (right hand)
 p - a +6 ring of strength (left hand)
Scrolls
 e - a scroll of enchant armour {unknown}
 n - 3 scrolls of blinking
 o - a scroll of enchant weapon
 r - a scroll of torment {unknown}
 t - a scroll of fog {unknown}
 u - 2 scrolls of teleportation
 v - a scroll of immolation {unknown}
 x - 2 scrolls of amnesia
 y - 2 scrolls of magic mapping {unknown}
 A - a scroll of fear
Potions
 d - a potion of might
 f - 5 potions of heal wounds
 g - 2 potions of cancellation
 i - 4 potions of flight
 j - 2 potions of mutation
 l - 5 potions of curing {unknown}
 m - a potion of resistance
 q - a potion of berserk rage {unknown}
 s - a potion of degeneration {unknown}
 w - a potion of ambrosia {unknown}
 z - a potion of brilliance {unknown}


   Skills:
 + Level 7.1(12.1) Fighting
 + Level 9.8(14.8) Long Blades
 + Level 9.5(14.5) Armour
 + Level 3.5(8.5) Dodging
 + Level 0.4(5.4) Stealth
 + Level 5.9(10.9) Shields
 + Level 0.2 Invocations


You had 8 spell levels left.
You didn't know any spells.
Your spell library contained the following spells:

 Spells                   Type           Power      Damage    Failure   Level
 Slow                     Hex            0%         N/A       75%         1
 Ensorcelled Hibernation  Hex/Ice        0%         N/A       86%         2
 Confusing Touch          Hex            0%         N/A       98%         3
 Ignite Poison            Fire/Tmut/Pois 0%         N/A       98%         3
 Mephitic Cloud           Conj/Pois/Air  0%         N/A       98%         3
 Spider Form              Tmut/Pois      0%         N/A       98%         3
 Vampiric Draining        Necr           0%         2d6       98%         3
 Anguish                  Hex/Necr       0%         N/A       100%        4
 Freezing Cloud           Conj/Ice/Air   0%         6-21      100%        5
 Summon Small Mammal      Summ           Unusable   N/A       N/A         1
 Call Canine Familiar     Summ           Unusable   N/A       N/A         3
 Summon Guardian Golem    Hex/Summ       Unusable   N/A       N/A         3

Dungeon Overview and Level Annotations

Branches:
Dungeon (7/15)             Temple (1/1) D:6           Sewer (visited)
 Bailey (1/1)

Altars:
Ashenzari
Cheibriados
Dithmenos
Elyvilon
Fedhas
Gozag
Hepliaklqana
Kikubaaqudgha
Makhleb
Nemelex Xobeh
Okawaru
Qazlal
Ru
Trog
Uskayaw
Vehumet
Wu Jian
Xom
Yredelemnul
Zin
The Shining One

Shops:
D:4 (*(

Annotations:
D:6 2 runed translucent doors, mistmaker's ghost, novice MiBe


Innate Abilities, Weirdness & Mutations

You have a pair of horns on your head.
You reflexively headbutt those who attack you in melee.


Message History

a boomerang; a kobold skeleton
Things that are here:
a +0 hand axe; a +0 leather armour
There is an open door here.
Could not explore, unopened runed door.
Search for what [? for help]? armour Search for what [Enter for "armour", or ? for help]? weapon
Okay, then.
As you open the gate, it creaks loudly!
There is an open translucent gate here.
You enter the shallow water.
Moving in this stuff is going to be slow.
You gain the combat prowess of a mighty hero.
You feel very mighty all of a sudden.
You hit the orc warlord.
The orc warlord is lightly wounded.
The orc warlord barely misses you. You furiously retaliate!
You headbutt the orc warlord!! You closely miss the orc warlord.
Your headbutt misses the orc warlord.
The orc warlord is moderately wounded.
The orc warlord hits you with a +0 war axe.
You hit the orc warlord but do no damage.
You headbutt the orc warlord!
The orc warlord is moderately wounded.
You slice the orc warlord!!
The orc warlord is heavily wounded.
The orc warlord hits you with a +0 war axe!
You slice the orc warlord!! Your headbutt misses the orc warlord.
The orc warlord is severely wounded.
The orc warlord hits you with a +0 war axe!!
You barely miss the orc warlord.
You headbutt the orc warlord, but do no damage.
The orc warlord is severely wounded.
The orc warlord hits you but does no damage.
You barely miss the orc warlord. Your headbutt misses the orc warlord.
The orc warlord is severely wounded.
You slash the orc warlord!
The orc warlord is severely wounded.
The orc warlord hits you with a +0 war axe!!
You die...

#.........................#
##......####...####......##
♣##....##≈≈#####≈≈##....##♣
♣.##...#≈}!8...8?)≈#.).##.♣
♣♣..###'#≈.........≈#)###..♣♣
♣...≈≈≈.#≈..8...8..≈#((≈≈...♣
♣♣...≈≈≈.##.........##)≈≈≈...♣♣
♣∩...≈≈≈.#≈....∩o...≈#.≈≈≈...∩♣
♣♣...≈≈≈.#≈.....@...≈#.≈≈≈...♣♣
♣...≈≈≈.#≈≈.8...8.≈≈#.≈≈≈...♣
♣♣..###)###.......###'###..♣♣
♣.##....#≈.8...8.≈#....##.♣
♣##.....#≈≈≈≈≈≈≈≈≈#.....##♣
##......####≈≈≈####......##
#...8......#'''#......8...#
#.........................#
#..........)..............#


You could see an orc warlord.

Vanquished Creatures
  Menkaure (D:5)
  A hornet zombie (D:6)
  3 orc warriors (Bailey)
  A sky beast (D:6)
  A black bear (D:6)
  3 necrophages
  An ice beast (D:5)
  A centaur (D:5)
  An ogre (D:5)
  A phantom (D:7)
  A kobold brigand (D:6)
  4 bullfrogs
  3 scorpions
  A water moccasin zombie (D:6)
  3 water moccasin skeletons
  A howler monkey (D:7)
  2 centaur zombies
  3 jellies
  A bullfrog zombie (D:7)
  A centaur skeleton (D:5)
  2 hounds
  2 orc priests
  A gnoll shaman (D:7)
  Terence (D:3)
  A bullfrog skeleton (D:6)
  3 iguanas (D:5)
  2 orc wizards
  A howler monkey skeleton (D:6)
  8 gnolls
  4 adders
  2 white imps
  An ufetubus (D:4)
  2 worms
  5 dart slugs
  18 orcs
  14 ball pythons
  6 endoplasms
  10 giant cockroaches
  9 goblins
  10 hobgoblins
  3 jackals (D:5)
  22 kobolds
  8 quokkas
  12 bats
  5 frilled lizards
  10 rats
196 creatures vanquished.

Notes
Turn   | Place    | Note
-------+----------+-------------------------------------------
     0 | D:1      | Peloso the Minotaur Fighter began the quest for the Orb.
     0 | D:1      | Reached XP level 1. HP: 19/19 MP: 0/0
   119 | D:1      | Found a faded altar of an unknown god.
   187 | D:1      | Reached XP level 2. HP: 18/27 MP: 1/1
   628 | D:1      | Reached XP level 3. HP: 31/33 MP: 2/2
  2242 | D:2      | Reached XP level 4. HP: 34/40 MP: 3/3
  2333 | D:3      | Reached skill level 5 in Armour
  2729 | D:3      | Noticed Terence
  2734 | D:3      | Killed Terence
  2735 | D:3      | Reached XP level 5. HP: 35/46 MP: 4/4
  3000 | D:4      | Found Wuaxei's General Store.
  3002 | D:4      | Identified the +9 fustibalus "Kuint" {vorpal, rElec Str+2
                  | SInv Stlth+}
  3013 | D:4      | Found a glowing drain.
  3035 | Sewer    | Entered a sewer
  3390 | Sewer    | Reached skill level 5 in Long Blades
  3390 | Sewer    | Reached skill level 1 in Dodging
  3390 | Sewer    | Reached XP level 6. HP: 12/53 MP: 5/5
  3846 | D:4      | Found Ygablasi's Antique Weapon Shoppe.
  4168 | D:4      | Found Zaqost's Antique Weapon Boutique.
  4890 | D:5      | Entered Level 5 of the Dungeon
  4962 | D:5      | Noticed an ice beast
  4990 | D:5      | Reached XP level 7. HP: 46/60 MP: 6/6
  5300 | D:5      | Noticed Menkaure
  5308 | D:5      | Killed Menkaure
  5337 | D:5      | Reached skill level 5 in Fighting
  5639 | D:5      | Reached XP level 8. HP: 68/68 MP: 7/7
  6225 | D:5      | Reached skill level 5 in Shields
  6564 | D:6      | Noticed mistmaker's ghost (novice MiBe)
  6564 | D:6      | Found a large runed translucent door.
  6564 | D:6      | Found a large runed translucent door.
  6613 | D:6      | Found a staircase to the Ecumenical Temple.
  6626 | Temple   | Entered the Ecumenical Temple
  7017 | Temple   | Became a worshipper of Warmaster Okawaru
  7642 | D:6      | Reached * piety under Okawaru
  7643 | D:6      | Reached XP level 9. HP: 67/75 MP: 8/8
  7943 | D:7      | Found an opulent altar of Gozag.
  8210 | D:7      | Found a flagged portal.
  8227 | Bailey   | Entered a bailey
  8301 | Bailey   | Noticed an orc warlord
  8455 | Bailey   | Found a runed translucent gate.
  8456 | Bailey   | Found a runed translucent gate.
  8457 | Bailey   | Found a runed translucent gate.
  8874 | Bailey   | Mangled by an orc warlord

Illustrated notes

Levels and vault maps discovered:
D:1:      minmay_arrival_radiant_lines, layout_loops_corners,
          basic_ecumenical_altar, nicolae_concentric_dashed_squares_wild,
          chequers_serial_rivers_marsh, chequers_arboretum,
          kennysheep_pointless_box
D:2:      layout_basic, kennysheep_generic_room_2
D:3:      layout_rooms, uniq_terence
D:4:      layout_gridville, cheibrodos_sewer_entry_sluice, serial_shops, shop,
          nicolae_stop_n_shop_1, shop
D:5:      layout_cave_pods, minmay_hedge_maze, minmay_between, uniq_menkaure
D:6:      layout_cave_pools, minmay_temple_entry_large_hall,
          ebering_ghost_disaster_area
D:7:      layout_rooms, grunt_gozag_statues, enter_bailey_4
Temple:   mainiacjoe_temple_big_plus
Bailey:   bailey_axe_bossmonster_kennysheep, bailey

Skill      XL: |  1  2  3  4  5  6  7  8  9 |
---------------+----------------------------+-----
Fighting       | 4 5 6 7 |  7.1
Armour         | 4 5 6 7 8 9 |  9.5
Shields        | 4 5 |  5.9
Long Blades    | 3 4 5 7 8 9 |  9.8
Dodging        | 1 2 3 |  3.5
Stealth        | |  0.4
Invocations    | |  0.2

Action                   |  1- 3 |  4- 6 |  7- 9 || total
-------------------------+-------+-------+-------++-------
Melee: Long sword        |   120 |   153 |   243 ||   516
       Headbutt          |     9 |    16 |    59 ||    84
Invok: Heroism           |       |       |     6 ||     6
  Use: Scroll            |     4 |     2 |     4 ||    10
       Potion            |     1 |       |     1 ||     2
Armor: Scale mail        |    64 |    64 |    83 ||   211
Dodge: Dodged            |    47 |    94 |   119 ||   260
Block: Buckler           |    35 |    40 |    61 ||   136
